 Dungeon Crawl Stone Soup version 0.20-a0-736-gd3249da (webtiles) character file.

549993 qpoku the Ninja (level 25, -18/136 HPs)
             Began as a Spriggan Enchanter on Feb 23, 2017.
             Was the Champion of Dithmenos.
             Demolished by a vault warden
             ... wielding a +0 battleaxe
              (38 damage)
             ... on level 2 of the Vaults.
             The game lasted 04:36:39 (80107 turns).

qpoku the Ninja (Spriggan Enchanter)               Turns: 80107, Time: 04:36:42

Health: -18/136    AC:  6    Str:  4    XL:     25   Next: 2%
Magic:  51/54      EV: 52    Int: 19    God:    Dithmenos [******]
Gold:   2234       SH:  8    Dex: 28    Spells: 12/66 levels left

rFire    + . .     SeeInvis +   N - +5 rapier (elec)
rCold    + . .     Gourm    .   a - +2 robe {rN+}
rNeg     + . .     Faith    .   (shield restricted)
rPois    +         Spirit   .   m - +2 hat
rElec    .         Reflect  +   B - scarf {rC+ rF+}
rCorr    .         Harm     .   (gloves unavailable)
MR       ++++.                  (boots unavailable)
Stlth    ++++++++++             W - brooch of Shielding {Reflect SH+8}
Regen    0.0/turn               n - ring of Guvoi {EV+4 Dex+2}
MPRegen  0.4/turn               h - +5 ring of evasion

@: very slightly contaminated, wreathed by umbra, invisible, very quick
A: unfitting armour, see invisible, herbivore 3, speed 3, high mp 1, poison
resistance, inhibited regeneration, slow metabolism 2
}: 3/15 runes: serpentine, barnacled, silver
a: Shadow Step, Shadow Form, Renounce Religion


You were on level 2 of the Vaults.
You worshipped Dithmenos.
Dithmenos was exalted by your worship.
You were not hungry.

You visited 10 branches of the dungeon, and saw 42 of its levels.
You visited the Abyss 1 time.
You also visited: Trove.

You collected 6203 gold pieces.
You spent 3969 gold pieces at shops.

Inventory:

Hand Weapons
 c - a +3 quick blade of freezing
 N - a +5 rapier of electrocution (weapon)
 P - the +9 quick blade of Mana {drain, MR- Str+6 Dex-2 SInv}
   (You acquired it on level 14 of the Dungeon)

   A truly terrible weapon, it drains the life of those it strikes.
   It affects your strength (+6).
   It affects your dexterity (-2).
   It affects your resistance to hostile enchantments.
   It lets you see invisible.
Missiles
 Y - 8 throwing nets (quivered)
Armour
 a - a +2 robe of positive energy (worn)
 m - a +2 hat (worn)
 B - a scarf of resistance (worn)
 D - the +2 robe of the Disturbing Suns {+Blink Slay+2 Stlth-}
   (You bought it in a shop on level 8 of the Dungeon)

   It affects your accuracy and damage with ranged weapons and melee attacks
   (+2).
   It lets you blink.
   It makes you less stealthy.
 R - a +0 buckler of cold resistance
Jewellery
 h - a +5 ring of evasion (left hand)
 n - the ring of Guvoi (right hand) {EV+4 Dex+2}
   (You took it off a deep elf death mage on level 3 of the Elven Halls)

   [ring of evasion]

   It affects your evasion (+4).
   It affects your dexterity (+2).
 r - the amulet "Asoza" {+Fly rN++ Regen+ Str+2 Dex-2}
   (You bought it in a shop on level 1 of the Elven Halls)

   [amulet of regeneration]

   It affects your strength (+2).
   It affects your dexterity (-2).
   It greatly protects you from negative energy.
   It lets you fly.
   It increases your rate of regeneration.
 W - the brooch of Shielding (around neck) {Reflect SH+8}
   (You bought it in a shop on level 2 of the Snake Pit)

   [amulet of reflection]

   It shields you and reflects attacks.
   It affects your SH (+8).
Wands
 i - a wand of confusion (23/48)
 t - a wand of digging (8/24)
 v - a wand of acid (8/15)
 F - a wand of enslavement (12/24)
 M - a wand of iceblast (9/15)
 Q - a wand of paralysis (10/24)
 V - a wand of iceblast (6/15)
Scrolls
 b - a scroll of holy word
 f - 17 scrolls of teleportation
 g - 16 scrolls of remove curse
 j - 7 scrolls of fog
 l - 5 scrolls of amnesia
 q - 6 scrolls of fear
 y - 4 scrolls of magic mapping
 A - 14 scrolls of recharging
 C - 2 scrolls of silence
 X - 3 scrolls of identify
Potions
 d - 7 potions of lignification
 e - 10 potions of curing
 k - 2 potions of mutation
 o - 4 potions of magic
 s - 5 potions of flight
 w - 3 potions of cancellation
 x - 4 potions of agility
 E - 6 potions of berserk rage
 G - 4 potions of resistance
 H - 3 potions of ambrosia
 L - 4 potions of brilliance
 S - 2 potions of might
Comestibles
 z - 15 bread rations


   Skills:
 + Level 15.2 Fighting
 - Level 10.1 Short Blades
 + Level 25.5 Dodging
 O Level 27 Stealth
 + Level 21.3 Spellcasting
 + Level 15.4 Hexes
 - Level 4.4 Summonings
 - Level 19.7 Translocations
 - Level 6.0 Invocations


You had 12 spell levels left.
You knew the following spells:

 Your Spells              Type           Power        Failure   Level  Hunger
a - Ensorcelled Hibernat  Hex/Ice        #####.       1%          2    None
b - Corona                Hex            ######.      0%          1    None
c - Confuse               Hex            ######..     0%          3    None
d - Dazzling Spray        Conj/Hex       #####.       1%          3    None
e - Tukima's Dance        Hex            ######..     0%          3    None
f - Spectral Weapon       Hex/Chrm       #####...     1%          3    None
g - Regeneration          Chrm/Necr      ###.......   10%         3    None
h - Invisibility          Hex            ######..     1%          6    ####...
i - Passwall              Tmut/Erth      ###.......   4%          2    None
j - Mephitic Cloud        Conj/Pois/Air  ###.....     10%         3    None
k - Aura of Abjuration    Summ           #####.....   12%         5    None
l - Controlled Blink      Tloc           N/A          6%          8    #######
m - Cause Fear            Hex            ######....   1%          4    None
n - Discord               Hex            ######....   30%         8    #######


Dungeon Overview and Level Annotations

Branches:
Dungeon (15/15)            Temple (1/1) D:6            Lair (6/6) D:8
 Shoals (4/4) Lair:3        Snake (4/4) Lair:2        Slime (0/5) Lair:6
    Orc (2/2) D:9             Elf (3/3) Orc:2        Vaults (5/5) D:13
  Crypt (1/3) Vaults:2     Depths (1/5) D:15

Altars:
Ashenzari
Cheibriados
Dithmenos
Elyvilon
Fedhas
Gozag
Hepliaklqana
Kikubaaqudgha
Makhleb
Nemelex Xobeh
Okawaru
Qazlal
Ru
Sif Muna
Trog
Uskayaw
Vehumet
Wu Jian
Xom
Yredelemnul
Zin
The Shining One
Beogh

Shops:
D:4 (   D:5 *   D:8 [   D:10 (   Orc:1 [   Orc:2 }[}?   Elf:1 ==(%%
Snake:2 }=}   Vaults:2 %

Annotations:
Shoals:4 Camlann's ghost, adept MiFi


Innate Abilities, Weirdness & Mutations

You are very small and have problems with some larger weapons.
You are too small for most types of armour.
You have supernaturally acute eyesight. (SInv)
You are a herbivore.
You cover ground extremely quickly.
You need consume almost no food.
You have an increased reservoir of magic. (+10% MP)
Your system is resistant to poisons. (rPois)
You do not regenerate when monsters are visible.


Message History

The vault warden is heavily wounded.
Your shadow closely misses the vault warden.
The vault warden completely misses you.
You hit the vault warden but do no damage.
Lightning courses through the vault warden!
The vault warden is severely wounded.
The yaktaur shoots a bolt.
The bolt hits you!!
* * * LOW HITPOINT WARNING * * *
You hit the vault warden.
The vault warden is severely wounded.
You block the vault warden's attack.
Unknown command.
You hit the vault warden but do no damage.
The vault warden is severely wounded.
The yaktaur shoots a bolt.
The yaktaur wields an uncursed arbalest.
The yaktaur shoots a bolt.
The bolt closely misses the vault warden.
The vault warden hits you with a battleaxe!!!
You die...

######'####.#.....##.....#.##(...
# #......##.##..⌠....⌠.(##.##(...
# #......##..##........##..##(...
# #......##...##..##..##...##(...
# #......##...##.c##..##...###...
# #......##..##....)...##..# ##'#
# #......##.##c.⌠....⌠..##.# #..(
#......##.#...p(##.....#.# #..[
#......##.#...@####....#.# #.[<
#......##.....##..##...#.# #.([
#......##...###....#####.# #.?(
#......##................# #...
###'################'###########'
#................................
#................................
#................................
#................................


You could see a vault warden and 2 yaktaurs.

Vanquished Creatures
  Margery (Crypt:1)
  Bai Suzhen (Vaults:5)
  Vashnia (Snake:3)
  A golden dragon (Vaults:5)
  A bone dragon (Elf:1)
  Jorgrun (Shoals:3)
  2 tentacled monstrosities (Vaults:5)
  Rupert (D:14)
  A titan (Vaults:5)
  5 deep elf blademasters
  3 deep elf master archers (Elf:3)
  The ghost of emikaela the Warrior, an adept OgAE of Wu Jian (Snake:2)
  5 sphinxes
  4 storm dragons (Vaults:5)
  2 shadow dragons (Vaults:5)
  Kirke (Shoals:3)
  10 nagarajas
  Ilsuiw (Shoals:4)
  7 tengu reavers
  3 frost giants (Vaults:5)
  18 vault wardens
  2 iron dragons (Vaults:5)
  5 deep elf sorcerers
  2 orc warlords
  5 fire giants
  3 ghouls (Crypt:1)
  5 deep elf elementalists
  3 war gargoyles (Vaults:5)
  14 ironheart preservers
  6 very ugly things
  A vampire knight (Crypt:1)
  Nessos (Lair:4)
  4 entropy weavers
  A caustic shrike skeleton (Elf:1)
  16 stone giants
  A juggernaut skeleton (Elf:1)
  A dire elephant (Lair:6)
  8 deep elf demonologists
  Azrael (D:14)
  6 deep elf annihilators
  7 deep elf death magi
  9 merfolk javelineers
  3 ettins
  The ghost of M4edhros the Blocker, a journeyman OpAr of Gozag (D:12)
  8 deep elf high priests
  18 ogre magi
  9 merfolk impalers
  2 rakshasas
  2 great orbs of eyes
  20 yaktaur captains
  2 ice dragons (Vaults:3)
  3 ghost crabs (Elf:1)
  9 hydras
  17 naga warriors
  4 death knights
  4 catoblepae
  2 alligator snapping turtles (Shoals:4)
  39 vault guards
  4 merfolk avatars
  11 centaur warriors
  A deep troll shaman (Vaults:2)
  6 anacondas
  54 two-headed ogres
  27 dancing weapons
  2 merfolk aquamancers
  5 death yaks
  A deep troll earth mage (D:15)
  17 naga sharpshooters
  4 thrashing horrors (Abyss:2)
  Urug (D:14)
  4 orc high priests
  2 vampire magi
  4 shock serpents
  Sonja (D:12)
  32 deep elf knights
  2 wretched stars (Abyss:2)
  6 salamander mystics
  4 hell knights (Crypt:1)
  8 skeletal warriors
  2 sixfirhies (Abyss:2)
  24 sea snakes
  2 shadow wraiths
  3 deep trolls
  An unseen horror (shapeshifter) (D:13)
  3 naga ritualists
  16 deep elf archers
  3 unseen horrors
  3 phantasmal warriors
  A flayed ghost (Crypt:1)
  23 ironbrand convokers
  3 wizards
  2 lindwurms (Lair:6)
  An orb spider (shapeshifter) (Vaults:3)
  6 mana vipers
  18 orc knights
  10 orc sorcerers (Orc:2)
  8 harpies
  5 necromancers
  5 fauns
  83 deep elf magi
  A fire giant zombie (Abyss:2)
  7 wolf spiders
  6 cyclopes
  18 salamanders
  24 ugly things
  A frost giant zombie (Vaults:4)
  An oklob plant (Lair:5)
  A shadow dragon skeleton (Vaults:4)
  15 manticores
  29 slime creatures
  A sphinx skeleton (Elf:1)
  3 large abominations (Abyss:2)
  10 elephants
  A guardian serpent (Snake:2)
  21 naga magi
  An iron dragon skeleton (Crypt:1)
  13 merfolk sirens
  Maurice (Orc:2)
  36 black mambas
  2 centaur zombies (D:15)
  10 spiny frogs
  6 centaur skeletons
  19 vault sentinels
  6 water nymphs
  2 gargoyles
  A storm dragon simulacrum (Elf:1)
  8 rime drakes
  2 kobold demonologists (D:15)
  A torpor snail (Lair:4)
  3 komodo dragons
  7 freezing wraiths
  A tengu conjurer (D:15)
  2 efreet (D:15)
  36 yaktaurs
  30 merfolk
  8 trolls
  3 meliai (D:15)
  3 jumping spiders
  A tengu simulacrum (Vaults:3)
  A meliai (shapeshifter) (Vaults:5)
  5 wind drakes
  2 tyrant leeches (shapeshifter)
  2 polar bears
  A raiju (Abyss:2)
  A bog body (Crypt:1)
  11 hornets
  15 blink frogs
  A dream sheep (Shoals:1)
  19 hippogriffs
  An alligator skeleton (Crypt:1)
  4 snapping turtles
  A meliai zombie (D:14)
  A spriggan (Lair:1)
  A fire dragon skeleton (Crypt:1)
  A fire giant simulacrum (Vaults:4)
  6 redbacks
  3 wraiths
  5 shadows
  5 flying skulls (Abyss:2)
  A spriggan simulacrum (Elf:1)
  2 air elementals
  2 ettin skeletons
  2 basilisks
  3 vampires
  A human (D:9)
  4 hogs (D:9)
  13 wyverns
  A human (shapeshifter) (D:15)
  15 water elementals
  35 yaks
  4 steam dragons
  4 fire elementals
  2 hungry ghosts
  57 nagas
  8 vampire mosquitoes
  An acid dragon (shapeshifter) (Vaults:4)
  4 acid dragons
  3 neqoxecs (Abyss:2)
  The ghost of M4edhros the Covert, an amateur OpAr (D:4)
  2 soldier ants (D:15)
  8 wargs
  A gelid demonspawn zombie (Crypt:1)
  5 water moccasins
  3 hell hounds (D:14)
  7 porcupines
  40 orc warriors
  3 ice beasts
  6 sky beasts
  A hornet zombie (D:15)
  A faun skeleton (Crypt:1)
  3 eyes of draining
  4 phantoms
  2 black bears (shapeshifter)
  4 black bears
  A necrophage (Crypt:1)
  5 wolves (Lair:6)
  12 centaurs
  48 ogres
  8 boggarts (Vaults:3)
  6 small abominations
  11 crocodiles
  3 earth elementals
  15 bullfrogs
  A big kobold (D:13)
  2 wyvern zombies
  A glowing shapeshifter simulacrum (Elf:1)
  A shapeshifter zombie (Crypt:1)
  4 scorpions
  18 killer bees
  10 wights
  5 howler monkeys (D:13)
  9 electric eels
  2 bullfrog zombies
  11 crimson imps
  A starcursed mass (Abyss:2)
  4 quasits
  4 bullfrog skeletons
  11 hounds
  Crazy Yiuf (D:2)
  10 jellies
  26 orc priests
  4 iguanas
  9 worker ants
  52 orc wizards
  2 hound skeletons
  A howler monkey skeleton (D:6)
  11 adders
  3 gnolls
  4 shadow imps
  2 white imps (Abyss:2)
  2 adder zombies
  5 worms
  7 leopard geckos
  121 orcs
  13 giant cockroaches
  8 goblins
  5 hobgoblins
  14 jackals
  6 quokkas
  2 ball pythons
  5 bats
  12 frilled lizards
  16 kobolds
  A leopard gecko zombie (D:4)
  2 quokka skeletons
  7 rats
  2 crawling corpses (Elf:3)
  A macabre mass (Elf:1)
  8 plants (Lair:1)
1967 creatures vanquished.

Vanquished Creatures (collateral kills)
  A howler monkey skeleton (D:5)
1 creature vanquished.

Vanquished Creatures (others)
  An ancient lich (Vaults:5)
  A sphinx (Vaults:5)
  A deep elf sorcerer (Elf:3)
  A frost giant (Vaults:5)
  A vault warden (Vaults:2)
  A merfolk javelineer (Shoals:4)
  A merfolk impaler (Shoals:4)
  A deep elf high priest (Elf:3)
  An ironbrand convoker (Vaults:2)
  2 deep elf magi
  6 yaktaurs
  A dream sheep (Shoals:1)
  A human (Shoals:3)
  2 small abominations (Abyss:2)
  An orc warrior (Vaults:3)
  An ogre (Vaults:5)
  An orc (Vaults:5)
  4 fungi
  A lurking horror (Abyss:2)
  10 plants
  2 spectral weapons
41 creatures vanquished.

Grand Total: 2009 creatures vanquished

Notes
Turn   | Place    | Note
-------+----------+-------------------------------------------
     0 | D:1      | qpoku the Spriggan Enchanter began the quest for the Orb.
     0 | D:1      | Reached XP level 1. HP: 9/9 MP: 5/5
   314 | D:1      | Reached XP level 2. HP: 13/13 MP: 7/7
   318 | D:1      | Learned a level 2 spell: Ensorcelled Hibernation
   895 | D:1      | Reached XP level 3. HP: 16/16 MP: 3/9
  2436 | D:2      | Found a glowing silver altar of Zin.
  2620 | D:2      | Reached XP level 4. HP: 21/21 MP: 8/11
  2975 | D:2      | Reached skill level 5 in Hexes
  3708 | D:2      | Found a runed door.
  3714 | D:2      | Noticed Crazy Yiuf
  3754 | D:2      | Killed Crazy Yiuf
  3754 | D:2      | Reached skill level 5 in Stealth
  4080 | D:3      | Found an iron altar of Okawaru.
  4283 | D:3      | Reached skill level 6 in Stealth
  4507 | D:3      | Reached XP level 5. HP: 24/24 MP: 5/12
  4989 | D:3      | Reached skill level 7 in Stealth
  5409 | D:4      | Reached skill level 8 in Stealth
  5531 | D:4      | Found Opix's Antique Weapon Boutique.
  5617 | D:4      | Found a blossoming altar of Fedhas.
  5712 | D:3      | Learned a level 3 spell: Confuse
  5716 | D:3      | Learned a level 3 spell: Dazzling Spray
  5769 | D:4      | Reached XP level 6. HP: 28/28 MP: 2/13
  6187 | D:4      | Noticed M4edhros's ghost (amateur OpAr)
  6197 | D:4      | Reached skill level 9 in Stealth
  6212 | D:4      | Killed M4edhros's ghost
  6212 | D:4      | Reached skill level 10 in Stealth
  6384 | D:4      | Reached XP level 7. HP: 32/32 MP: 2/14
  6915 | D:5      | Entered Level 5 of the Dungeon
  6929 | D:5      | Reached skill level 11 in Stealth
  7367 | D:5      | Reached skill level 12 in Stealth
  7757 | D:5      | Reached skill level 5 in Spellcasting
  7757 | D:5      | Reached XP level 8. HP: 36/36 MP: 16/16
  7772 | D:5      | Found an opulent altar of Gozag.
  7774 | D:5      | Found Gozag's Platinum Reserve.
  7860 | D:5      | Gained mutation: Your spells are a little harder to cast, but a little more powerful. [potion of mutation]
  7860 | D:5      | Gained mutation: You are surrounded by a mild repulsion field. (EV +2) [potion of mutation]
  7860 | D:5      | Gained mutation: You are partially covered in slimy green scales. (AC +2) [potion of mutation]
  8579 | D:6      | Found a staircase to the Ecumenical Temple.
  8937 | Temple   | Entered the Ecumenical Temple
  8943 | Temple   | Became a worshipper of Dithmenos the Shadowed
  9393 | D:6      | Reached skill level 13 in Stealth
  9738 | D:7      | Reached skill level 1 in Invocations
  9743 | D:7      | Reached * piety under Dithmenos
  9933 | D:7      | Reached skill level 1 in Fighting
 10087 | D:7      | Reached XP level 9. HP: 41/41 MP: 20/20
 10162 | D:7      | Found a snail-covered altar of Cheibriados.
 10349 | D:7      | Found an ancient bone altar of Kikubaaqudgha.
 10349 | D:7      | Found a shattered altar of Ashenzari.
 10798 | D:8      | Learned a level 3 spell: Tukima's Dance
 10819 | D:8      | Found Meweme's Antique Armour Shop.
 10832 | D:8      | Bought a transparent robe for 176 gold pieces
 10842 | D:8      | Identified the +2 robe of the Disturbing Suns {+Blink Slay+2 Stlth-} (You bought it in a shop on level 8 of the Dungeon)
 11144 | D:8      | Reached ** piety under Dithmenos
 11258 | D:8      | Reached skill level 5 in Dodging
 11259 | D:8      | Found a staircase to the Lair.
 11826 | D:9      | Reached XP level 10. HP: 47/47 MP: 19/22
 11831 | D:9      | Reached skill level 14 in Stealth
 12310 | D:9      | Found a basalt altar of Yredelemnul.
 12561 | D:9      | Found a staircase to the Orcish Mines.
 12966 | D:10     | Entered Level 10 of the Dungeon
 12973 | D:10     | Noticed a gargoyle
 13093 | D:10     | Reached skill level 5 in Short Blades
 13252 | D:10     | Noticed a vault guard
 13255 | D:10     | Killed a vault guard
 13258 | D:10     | Found a portal to a secret trove of treasure.
 13353 | D:10     | Killed a gargoyle
 13513 | D:10     | Found Liuj's Antique Weapon Shop.
 13528 | D:10     | Reached *** piety under Dithmenos
 13562 | D:10     | Reached XP level 11. HP: 53/53 MP: 25/25
 13814 | D:11     | Found a glowing silver altar of Zin.
 14076 | D:11     | Reached skill level 5 in Invocations
 14268 | D:11     | Reached skill level 15 in Stealth
 14878 | D:11     | Noticed an unseen horror
 14888 | D:11     | Killed an unseen horror
 14954 | D:11     | Reached **** piety under Dithmenos
 15089 | D:12     | Noticed M4edhros's ghost (journeyman OpAr)
 15099 | D:12     | Killed M4edhros's ghost
 15191 | D:12     | Noticed a two-headed ogre
 15204 | D:12     | Killed a two-headed ogre
 15286 | D:12     | Noticed Sonja
 15289 | D:12     | Killed Sonja
 15296 | D:12     | Reached skill level 10 in Spellcasting
 15296 | D:12     | Reached skill level 10 in Hexes
 15312 | D:12     | Reached skill level 5 in Fighting
 15617 | D:12     | Noticed a purple ugly thing
 15622 | D:12     | Killed a purple ugly thing
 16007 | D:12     | Noticed a two-headed ogre
 16020 | D:12     | Reached XP level 12. HP: 60/60 MP: 24/27
 16038 | D:12     | Killed a two-headed ogre
 16095 | D:12     | Reached skill level 16 in Stealth
 16478 | D:13     | Noticed a two-headed ogre
 16754 | D:13     | Reached skill level 10 in Dodging
 16770 | D:13     | Found a gate to the Vaults.
 16779 | D:13     | Killed a two-headed ogre
 17185 | D:13     | Noticed a centaur warrior
 17210 | D:13     | Killed a centaur warrior
 17590 | D:13     | Reached ***** piety under Dithmenos
 18324 | D:14     | Noticed Azrael
 18556 | Lair:1   | Entered Level 1 of the Lair of Beasts
 18556 | Lair:1   | Noticed an eight-headed hydra
 18557 | Lair:1   | Killed an eight-headed hydra
 18802 | Lair:1   | Reached skill level 17 in Stealth
 19292 | Lair:1   | Noticed a six-headed hydra
 19299 | Lair:1   | Killed a six-headed hydra
 19299 | Lair:1   | Reached XP level 13. HP: 65/65 MP: 29/29
 20102 | Lair:2   | Found a staircase to the Snake Pit.
 20731 | Lair:3   | Found a staircase to the Shoals.
 21347 | Lair:4   | Got a sheer robe
 21358 | Lair:4   | Identified the +0 robe of Terror {Int+5} (You found it on level 4 of the Lair of Beasts)
 21570 | Lair:4   | Noticed Nessos
 21573 | Lair:4   | Killed Nessos
 22421 | Lair:5   | Reached skill level 18 in Stealth
 22719 | Lair:5   | Learned a level 3 spell: Spectral Weapon
 22807 | Lair:5   | Reached ****** piety under Dithmenos
 23767 | Lair:6   | Entered Level 6 of the Lair of Beasts
 23824 | Lair:6   | Reached XP level 14. HP: 42/72 MP: 13/31
 24373 | Lair:6   | Learned a level 3 spell: Regeneration
 24945 | Lair:6   | Found a staircase to the Slime Pits.
 25859 | Lair:6   | Learned a level 6 spell: Invisibility
 27231 | Orc:1    | Entered Level 1 of the Orcish Mines
 27232 | Orc:1    | Found Maucoist's Armour Shoppe.
 28277 | Orc:2    | Entered Level 2 of the Orcish Mines
 28286 | Orc:2    | Found a roughly hewn altar of Beogh.
 28647 | Orc:2    | Found a staircase to the Elven Halls.
 28697 | Orc:2    | Noticed Maurice
 28708 | Orc:2    | Killed Maurice
 28956 | Orc:2    | Reached skill level 19 in Stealth
 29285 | Orc:2    | Found Riesh's Gadget Emporium.
 29324 | Orc:2    | Found an ancient bone altar of Kikubaaqudgha.
 29345 | Orc:2    | Paralysed by an orc sorcerer for 4 turns
 29436 | Orc:2    | Lost mutation: Your spells are a little harder to cast, but a little more powerful. [mutagenic glow]
 29592 | Orc:2    | Found Lior's Antique Armour Shoppe.
 29623 | Orc:2    | Found a radiant altar of Vehumet.
 29626 | Orc:2    | Reached skill level 15 in Dodging
 29645 | Orc:2    | Bought a glowing scarf for 232 gold pieces
 29734 | Orc:2    | Found a roughly hewn altar of Beogh.
 29734 | Orc:2    | Found Gyaram's Gadget Emporium.
 29750 | Orc:2    | Found Ythi Ryc's Magic Scroll Emporium.
 30083 | Orc:2    | Bought a scroll of enchant armour for 120 gold pieces
 30083 | Orc:2    | Bought a scroll of teleportation for 48 gold pieces
 30083 | Orc:2    | Bought 2 scrolls of summoning for 304 gold pieces
 30083 | Orc:2    | Bought a scroll of fear for 56 gold pieces
 30083 | Orc:2    | Bought a scroll of enchant armour for 120 gold pieces
 30083 | Orc:2    | Bought 3 scrolls of identify for 96 gold pieces
 30083 | Orc:2    | Bought a scroll of fear for 56 gold pieces
 30083 | Orc:2    | Bought a scroll of teleportation for 48 gold pieces
 30659 | D:14     | Noticed Rupert
 30676 | D:14     | Killed Rupert
 30676 | D:14     | Reached XP level 15. HP: 79/79 MP: 24/34
 31189 | D:14     | Noticed Urug
 31196 | D:14     | Killed Urug
 31296 | D:10     | You paid a toll of a +6 demon trident to enter a treasure trove
 31297 | Trove    | Entered a treasure trove
 31319 | Trove    | Reached skill level 20 in Stealth
 31319 | Trove    | Reached XP level 16. HP: 84/84 MP: 35/35
 31449 | D:11     | Reached XP level 17. HP: 87/87 MP: 36/36
 31450 | D:11     | Reached XP level 18. HP: 92/92 MP: 37/37
 31601 | D:14     | Killed Azrael
 31665 | D:14     | Identified a scroll of acquirement
 31671 | D:14     | Got a crystal quick blade
 31672 | D:14     | Identified the +9 quick blade of Mana {drain, MR- Str+6 Dex-2 SInv} (You acquired it on level 14 of the Dungeon)
 31680 | D:15     | Entered Level 15 of the Dungeon
 32132 | D:15     | Reached skill level 21 in Stealth
 32174 | D:15     | Found a staircase to the Depths.
 32240 | D:15     | Found an ornate altar of the Wu Jian Council.
 32241 | D:15     | Found a glowing silver altar of Zin.
 32241 | D:15     | Found a stormy altar of Qazlal.
 32506 | D:15     | Learned a level 2 spell: Passwall
 33973 | D:15     | Reached skill level 15 in Spellcasting
 33989 | D:15     | Reached skill level 10 in Fighting
 34745 | Snake:1  | Entered Level 1 of the Snake Pit
 36479 | Snake:1  | Reached skill level 15 in Hexes
 36742 | Snake:1  | Reached skill level 22 in Stealth
 36942 | Snake:1  | Reached XP level 19. HP: 98/98 MP: 39/39
 37896 | Snake:2  | Found Wack's Gadget Shop.
 37896 | Snake:2  | Found Jorchioxe's Jewellery Emporium.
 37897 | Snake:2  | Found Nuhef's Gadget Shop.
 38326 | Snake:2  | Noticed emikaela's ghost (adept OgAE)
 38365 | Snake:2  | Killed emikaela's ghost
 39372 | Snake:3  | Reached skill level 10 in Short Blades
 39744 | Snake:3  | Noticed Vashnia
 39777 | Snake:3  | Killed Vashnia
 40988 | Snake:4  | Entered Level 4 of the Snake Pit
 41618 | Snake:2  | Bought the brooch of Shielding {Reflect SH+8} for 2019 gold pieces
 42423 | Snake:4  | Found an ancient bone altar of Kikubaaqudgha.
 44280 | Snake:4  | Got a serpentine rune of Zot
 44510 | Shoals:1 | Entered Level 1 of the Shoals
 44526 | Shoals:1 | Reached skill level 23 in Stealth
 44526 | Shoals:1 | Reached XP level 20. HP: 105/105 MP: 41/41
 46741 | Shoals:3 | Noticed Jorgrun
 46760 | Shoals:3 | Killed Jorgrun
 47308 | Shoals:3 | Noticed Kirke
 47324 | Shoals:3 | Killed Kirke
 47842 | Shoals:4 | Entered Level 4 of the Shoals
 48189 | Shoals:4 | Got a barnacled rune of Zot
 48226 | Shoals:4 | Learned a level 3 spell: Mephitic Cloud
 48542 | Shoals:4 | Noticed Ilsuiw
 48794 | Shoals:4 | Killed Ilsuiw
 48848 | Shoals:4 | Noticed Camlann's ghost (adept MiFi)
 48850 | Shoals:4 | Identified the Collected Works on Cold and Summoning
 49564 | Shoals:4 | Identified Ihekhluj's Collected Works on Augmentations
 49776 | Shoals:4 | Reached skill level 24 in Stealth
 50664 | Vaults:1 | Entered Level 1 of the Vaults
 51522 | Vaults:1 | Reached XP level 21. HP: 107/112 MP: 19/43
 54656 | Vaults:2 | Found a staircase to the Crypt.
 54683 | Vaults:2 | Found Teuta's Food Boutique.
 54939 | Vaults:3 | Reached skill level 25 in Stealth
 57563 | Vaults:4 | Reached XP level 22. HP: 119/119 MP: 40/46
 58456 | Vaults:4 | Reached skill level 26 in Stealth
 59458 | Vaults:5 | Entered Level 5 of the Vaults
 59994 | Vaults:5 | Identified the ring "Moina" {Fire +Inv} (You took it off a vault warden on level 5 of the Vaults)
 60298 | Vaults:5 | Identified the +7 short sword "Kuffatt" {pierce, Int+5} (You found it on level 5 of the Vaults)
 60341 | Vaults:5 | Got a silver rune of Zot
 61162 | Vaults:5 | Noticed an ancient lich
 61224 | Vaults:5 | Killed an ancient lich
 61262 | Vaults:5 | Identified the +4 scimitar of Regicide {venom, Int+3} (You took it off a deep elf elementalist on level 5 of the Vaults)
 61423 | Vaults:5 | Noticed Bai Suzhen
 61486 | Vaults:5 | Killed Bai Suzhen
 61863 | Vaults:5 | Identified the Catalogue of the Creative Rocks
 61871 | Vaults:5 | Learned a level 5 spell: Aura of Abjuration
 62144 | Vaults:5 | Reached XP level 23. HP: 106/125 MP: 13/48
 62366 | Vaults:5 | Reached skill level 27 in Stealth
 62567 | Vaults:5 | Reached skill level 1 in Summonings
 64987 | Vaults:5 | Identified the +2 short sword "Bayss" {pierce, +Inv rPois Str+2 Stlth+} (You found it on level 5 of the Vaults)
 64992 | Vaults:5 | Identified the +1 robe of the Blessed Realm {Str-5 Dex+6} (You found it on level 5 of the Vaults)
 65351 | Vaults:5 | Cast into level 2 of the Abyss (orc warlord)
 65356 | Abyss:2  | Found a corrupted altar of Lugonu.
 65710 | Abyss:2  | Found a corrupted altar of Lugonu.
 65731 | Abyss:2  | Gained mutation: You do not regenerate when monsters are visible. [a neqoxec]
 65771 | Abyss:2  | Found a corrupted altar of Lugonu.
 65831 | Abyss:2  | Reached skill level 15 in Fighting
 66207 | Abyss:2  | Lost mutation: You are partially covered in slimy green scales. (AC +2) [potion of mutation]
 66207 | Abyss:2  | Lost mutation: You are surrounded by a mild repulsion field. (EV +2) [potion of mutation]
 66207 | Abyss:2  | Lost mutation: You do not regenerate when monsters are visible. [potion of mutation]
 66207 | Abyss:2  | Gained mutation: You have an increased reservoir of magic. (+10% MP) [potion of mutation]
 66207 | Abyss:2  | Gained mutation: Your spells are a little easier to cast, but a little less powerful. [potion of mutation]
 66207 | Abyss:2  | Gained mutation: You are partially covered in yellow scales. (AC +2) [potion of mutation]
 66207 | Abyss:2  | Gained mutation: You are resistant to hostile enchantments. (MR+) [potion of mutation]
 67353 | Vaults:5 | Escaped the Abyss
 67555 | Vaults:5 | Learned a level 8 spell: Controlled Blink
 67620 | Vaults:5 | Reached skill level 1 in Translocations
 68571 | Elf:1    | Entered Level 1 of the Elven Halls
 68857 | Elf:1    | Found Kialoz's Food Boutique.
 68931 | Elf:1    | Found Pycesu's Antique Weapon Emporium.
 68955 | Elf:1    | Reached skill level 5 in Translocations
 69615 | Elf:1    | Identified Terugrat's Volume of Evil Rites
 69895 | Elf:1    | Found Subicoko's Jewellery Boutique.
 69898 | Elf:1    | Bought the amulet "Asoza" {+Fly rN++ Regen+ Str+2 Dex-2} for 694 gold pieces
 70135 | Elf:1    | Found Ujuariur's Food Boutique.
 70301 | Elf:1    | Found Ohuon's Jewellery Shoppe.
 70372 | Elf:1    | Reached skill level 10 in Translocations
 70765 | Elf:2    | Reached XP level 24. HP: 131/131 MP: 49/53
 70819 | Elf:2    | Found a shimmering altar of Xom.
 71430 | Elf:2    | Found a runed gate.
 71430 | Elf:2    | Found a runed gate.
 71430 | Elf:2    | Found a runed gate.
 73776 | Elf:3    | Entered Level 3 of the Elven Halls
 73915 | Elf:3    | Reached skill level 15 in Translocations
 76924 | Elf:3    | Got a translucent turquoise ring
 76925 | Elf:3    | Identified the ring of Ronuk {rElec rPois rF+ Str+5 Slay-4} (You took it off a deep elf knight on level 3 of the Elven Halls)
 77196 | Elf:3    | Got a smoking iron ring
 77251 | Elf:3    | Identified the ring of Guvoi {EV+4 Dex+2} (You took it off a deep elf death mage on level 3 of the Elven Halls)
 77438 | Elf:3    | Identified Naschaeha's Catalogue of Enthralling Ignition
 77458 | Elf:3    | Learned a level 4 spell: Cause Fear
 77727 | Elf:3    | Identified Hoxeik's Volume of Execration
 77738 | Elf:3    | Learned a level 8 spell: Discord
 78354 | Crypt:1  | Entered Level 1 of the Crypt
 78594 | Depths:1 | Entered Level 1 of the Depths
 78861 | Crypt:1  | Noticed Margery
 79352 | Crypt:1  | Killed Margery
 79408 | Crypt:1  | Reached XP level 25. HP: 136/136 MP: 47/54
 79497 | Crypt:1  | Gained mutation: You are weak. (Str -2) [mutagenic glow]
 80000 | Crypt:1  | Lost mutation: You are resistant to hostile enchantments. (MR+) [potion of mutation]
 80000 | Crypt:1  | Lost mutation: Your spells are a little easier to cast, but a little less powerful. [potion of mutation]
 80000 | Crypt:1  | Gained mutation: You have a pair of small antennae on your head. [potion of mutation]
 80000 | Crypt:1  | Gained mutation: You are covered in fur. (AC +1) [potion of mutation]
 80000 | Crypt:1  | Gained mutation: You are robust. (+10% HP) [potion of mutation]
 80001 | Crypt:1  | Lost mutation: You are partially covered in yellow scales. (AC +2) [potion of mutation]
 80001 | Crypt:1  | Lost mutation: You are weak. (Str -2) [potion of mutation]
 80001 | Crypt:1  | Lost mutation: You have a pair of small antennae on your head. [potion of mutation]
 80001 | Crypt:1  | Lost mutation: You are covered in fur. (AC +1) [potion of mutation]
 80001 | Crypt:1  | Lost mutation: You have an increased reservoir of magic. (+10% MP) [potion of mutation]
 80001 | Crypt:1  | Lost mutation: You are robust. (+10% HP) [potion of mutation]
 80001 | Crypt:1  | Gained mutation: You do not regenerate when monsters are visible. [potion of mutation]
 80001 | Crypt:1  | Gained mutation: You have an increased reservoir of magic. (+10% MP) [potion of mutation]
 80001 | Crypt:1  | Gained mutation: Your system is resistant to poisons. (rPois) [potion of mutation]
 80107 | Vaults:2 | Demolished by a vault warden

Vault maps used:
D:1:      saegor_arrival_simple_b
D:2:      zin_academy, uniq_crazy_yiuf_cottage
D:3:      okawaru_trees_1, first_bread, minmay_crystal_room
D:4:      nicolae_overflow_crystal_walls, serial_shops, nicolae_shop_crystal
D:5:      cheibrodos_helix_gallery, nicolae_gozag_zags_fifth_avenue
D:6:      minmay_temple_entry_trees, hangedman_abyss_or_decor_stabs
D:7:      kennysheep_mini_moat, gammafunk_temple_overflow_wave
D:8:      erik_lair_dragon, serial_shops, shop
D:9:      kennysheep_steamy, lemuel_doored_altar, orc_0_dummy, grunt_livestock,
          eino_jars
D:10:     serial_shops, shop, enter_trove_5
D:11:     basic_altar
D:12:     uniq_sonja
D:13:     david_vaults_1, serial_glass, glass_columns_b, glass_columns_b
D:14:     minmay_door_square, uniq_urug, uniq_rupert, uniq_azrael
D:15:     hangedman_slaughterboxes
Temple:   eino_wide_crystal_templ
Lair:1:   wad_woods_03
Lair:2:   dummy_snake_entry
Lair:3:   shoals_dummy_entry
Lair:4:   special_room, uniq_nessos
Lair:5:   dpeg_stationary_puzzle, grunt_megastairs_5
Lair:6:   hangedman_lair_in_review, minmay_slime_entry_pillars
Shoals:1: argonaut_golden_fleece
Shoals:3: uniq_kirke, uniq_jorgrun
Shoals:4: shoals_end_simple, shoals_ilsuiw_alternative,
          nicolae_shoals_siren_and_animal_friends
Snake:1:  spider_trap
Snake:2:  corexii_hall_statues_i, statue_in_the_mist_lemuel, minmay_shop_grove
Snake:3:  uniq_vashnia
Snake:4:  minmay_snake_end_coiled, basic_altar
Orc:1:    serial_shops, shop
Orc:2:    kennysheep_orc_mage_school, special_room, basic_altar, uniq_maurice
Elf:1:    eino_elf_arrival_the_gate, serial_shops, nicolae_shop_statue_plus,
          shop, shop, nicolae_shop_overgrown_old_shop,
          nicolae_shop_competitors_out_of_business, serial_co_window_serial,
          co_window_corner_a, co_window_of_opportunity_a,
          co_window_of_opportunity_a, co_window_cross_1, co_window_paths_a,
          co_window_2corner, co_window_cross_3, co_window_unsneaky_path_d,
          co_window_paths_e, glass_columns_a, glass_columns_a, glass_columns_a,
          glass_columns_c, hangedman_research_thanatology
Elf:2:    special_room, hangedman_glass_teeth, lemuel_statue_altar
Elf:3:    minmay_elf_hall_furrowed, nicolae_elf_stone_circles
Vaults:1: ontoclasm_vaults_tryst, ontoclasm_vaults_idyll,
          nicolae_vaults_asterisk, nicolae_vaults_network_quinsquares,
          vaults_dpeg_hooks, nicolae_vaults_octagons, hangedman_vaults_stream,
          nicolae_vaults_border_crossing, nicolae_vaults_three_branches
Vaults:2: ontoclasm_vaults_hangar, v_misc_10, v_misc_10,
          minmay_crypt_entry_vampire_xt, vaults_room_ringed_pool, v_rooms_6,
          nicolae_vaults_yaktaur_gun_rack, v_alt_pattern_5,
          nicolae_vaults_network_periphery, vaults_room_door_ring, serial_shops,
          nicolae_shop_stone
Vaults:3: ontoclasm_vaults_ligature, v_misc_27, v_rooms_6,
          vaults_room_fancy_cross, vaults_standard_mumra_x, v_misc_32,
          vaults_room_pool, hangedman_vaults_maws,
          nicolae_vaults_windows_and_doors_thing
Vaults:4: vaults_dpeg_cross, dpeg_vaults_monster_row, v_misc_30, v_misc_11,
          vaults_room_large_hall, hangedman_vaults_impose,
          ontoclasm_vaults_loading_screen, ontoclasm_vaults_twist,
          hangedman_vaults_trim, nicolae_vaults_alarming, hangedman_vaults_nails
Vaults:5: serial_shops, uniq_bai_suzhen
Crypt:1:  uniq_frederick, uniq_margery
Depths:1: kennysheep_treasure_stockpile, serial_glass, glass_columns_a,
          glass_columns_a, pf_hell_entry_tar_spiral, special_room,
          minmay_hedge_maze, rand_demon_pan_entry_1, serial_shops,
          nicolae_shop_crystal, spider_trap, grunt_absolute_annihilation
Abyss:2:  minivault_19
Trove:    trove_garden

Skill      XL: |  1  2  3  4  5  6  7  8  9 10 11 12 13 14 15 16 17 18 19 20 21 22 23 24 |
---------------+-------------------------------------------------------------------------+-----
Spellcasting   | 3 4 5 6 7 9 10 11 12 14 15 16 17 19 20 21 | 21.3
Hexes          | 4 5 6 8 9 10 11 12 13 15 | 15.4
Stealth        | 6 8 10 12 13 14 15 17 18 19 20 22 23 24 25 26 27 | 27.0
Invocations    | 1 3 4 6 |  6.0
Fighting       | 1 2 3 5 6 7 9 10 11 12 13 14 15 | 15.2
Short Blades   | 2 4 5 10 | 10.1
Dodging        | 5 7 9 11 13 15 16 18 19 20 22 23 24 25 | 25.5
Summonings     | 4 |  4.4
Translocations | 11 19 | 19.7

Action                   |  1- 3 |  4- 6 |  7- 9 | 10-12 | 13-15 | 16-18 | 19-21 | 22-24 | 25-27 || total
-------------------------+-------+-------+-------+-------+-------+-------+-------+-------+-------++-------
Melee: Dagger            |   118 |   147 |   284 |   454 |   934 |    24 |       |       |       ||  1961
       Quick blade       |       |       |       |       |       |   525 |  2072 |  2487 |       ||  5084
       Short sword       |       |       |       |       |       |       |       |    86 |       ||    86
       Rapier            |       |       |       |       |       |       |       |    80 |    49 ||   129
Throw: Throwing net      |       |       |       |       |       |       |       |     2 |       ||     2
 Cast: Corona            |     9 |     9 |     1 |       |       |       |       |       |       ||    19
       Ensorcelled Hiber |    25 |    69 |    48 |    63 |    66 |    11 |     8 |     3 |       ||   293
       Confuse           |       |     5 |    29 |    73 |   119 |    36 |   120 |    78 |       ||   460
       Dazzling Spray    |       |       |       |       |    27 |       |   155 |   166 |       ||   348
       Invisibility      |       |       |       |       |    16 |    10 |    30 |    38 |     2 ||    96
       Spectral Weapon   |       |       |       |       |       |       |     1 |     2 |       ||     3
       Mephitic Cloud    |       |       |       |       |       |       |    12 |    24 |       ||    36
       Regeneration      |       |       |       |       |       |       |       |    12 |       ||    12
       Controlled Blink  |       |       |       |       |       |       |       |       |     1 ||     1
Invok: Shadow Step       |       |       |       |       |     1 |     1 |     4 |       |       ||     6
Evoke: Wand              |       |       |     2 |       |     1 |       |     2 |     2 |       ||     7
       Lightning rod     |       |       |       |       |     1 |       |       |       |       ||     1
  Use: Scroll            |       |     9 |    14 |     7 |    14 |     2 |     8 |    25 |     2 ||    81
       Potion            |       |       |     1 |       |     6 |     4 |    14 |    20 |     2 ||    47
 Stab: Sleeping          |    27 |    45 |    54 |    96 |    76 |    65 |   178 |    82 |     1 ||   624
       Distracted        |     1 |     1 |     2 |     2 |     3 |     6 |    15 |    35 |     1 ||    66
       Confused          |       |     3 |    19 |    49 |    48 |    17 |    58 |    33 |       ||   227
       Invisible         |       |       |       |       |    50 |    35 |   157 |   219 |     3 ||   464
       Petrified         |       |       |       |       |     2 |       |       |       |       ||     2
       Petrifying        |       |       |       |       |     1 |       |       |       |       ||     1
  Eat: Bread ration      |       |     1 |     1 |       |       |     1 |     2 |     3 |       ||     8
       Royal jelly       |       |       |       |     3 |     6 |       |     7 |     2 |       ||    18
       Fruit             |       |       |       |       |     5 |     7 |     3 |     7 |       ||    22
Armor: Robe              |    15 |    21 |    22 |    19 |    60 |     9 |    10 |    17 |       ||   173
Dodge: Dodged            |    77 |   112 |   153 |   258 |   875 |   355 |  1015 |  1107 |    55 ||  4007
Block: Other             |       |       |       |       |       |       |   268 |   352 |    24 ||   644
       Reflection        |       |       |       |       |       |       |    37 |    14 |       ||    51
